 Dungeon Crawl Stone Soup version 0.29-a0-620-g13ace881f2 (webtiles) character file.

Game seed: 17339302728725256281

196 dolemite99 the Poker (level 5, 0/47 HPs)
             Began as a Gnoll Chaos Knight on June 19, 2022.
             Was a Plaything of Xom.
             Slain by a hound (5 damage)
             ... on level 3 of the Dungeon.
             The game lasted 00:02:29 (1660 turns).

dolemite99 the Poker (Gnoll Chaos Knight)           Turns: 1660, Time: 00:02:29

Health: 0/47       AC: 10    Str: 14      XL:     5   Next: 74%
Magic:  7/7        EV:  7    Int:  8 (9)  God:    Xom [*.....]
Gold:   117        SH:  0    Dex:  9      Spells: 7/7 levels left

rFire   . . .      SeeInvis .   a - +0 spear (vorpal)
rCold   . . .      Faith    .   (no shield)
rNeg    . . .      Spirit   .   j - +0 chain mail
rPois   .          Reflect  .   (no helmet)
rElec   .          Harm     .   k - +0 cloak
rCorr   .          Rampage  .   (no gloves)
Will    .....      Rnd*Tele +   (no boots)
Stlth   ..........              (no amulet)
HPRegen 0.15/turn               (no ring)
MPRegen 0.10/turn               (no ring)

@: attractive
A: fangs 1, strong nose, distributed training, clumsy 1, deterioration 1, dopey
1, teleportitis 1
a: Renounce Religion


You were on level 3 of the Dungeon.
You worshipped Xom.
You were a special plaything of Xom.
You visited 1 branch of the dungeon, and saw 3 of its levels.

You collected 117 gold pieces.

Inventory:

Hand Weapons
 a - a +0 vorpal spear (weapon)
Armour
 b - a +2 leather armour
 d - a +0 ring mail
 j - a +0 chain mail (worn)
 k - a +0 cloak (worn)
Magical Staves
 h - a staff of poison
Jewellery
 f - a ring of see invisible
Scrolls
 e - 4 scrolls of teleportation
 l - a scroll of fear
 m - a scroll of poison {unknown}
Miscellaneous
 c - a piece from Xom's chessboard (1/15) (quivered)


   Skills:
 + Level 6.7 Fighting
 + Level 1.6 Short Blades
 + Level 1.6 Long Blades
 + Level 1.6 Axes
 + Level 1.6 Maces & Flails
 + Level 6.7 Polearms
 + Level 1.6 Staves
 + Level 1.6 Slings
 + Level 1.6 Bows
 + Level 1.6 Crossbows
 + Level 1.6 Throwing
 + Level 4.8 Armour
 + Level 3.0 Dodging
 + Level 1.6 Stealth
 + Level 1.6 Shields
 + Level 1.6 Unarmed Combat
 + Level 1.6 Spellcasting
 + Level 1.3 Conjurations
 + Level 1.3 Hexes
 + Level 1.3 Summonings
 + Level 1.3 Necromancy
 + Level 1.3 Translocations
 + Level 1.3 Transmutations
 + Level 1.3 Fire Magic
 + Level 1.3 Ice Magic
 + Level 1.3 Air Magic
 + Level 1.3 Earth Magic
 + Level 1.3 Poison Magic
 + Level 1.8 Invocations
 + Level 1.6 Evocations


You had 7 spell levels left.
You didn't know any spells.
Your spell library contained the following spells:

 Spells                   Type           Power      Damage    Failure   Level
 Magic Dart               Conj           8%         1d3       99%         1
 Searing Ray              Conj           4%         2d4       100%        2
 Dazzling Flash           Conj/Hex       4%         N/A       100%        3
 Portal Projectile        Hex/Tloc       4%         N/A       100%        3
 Summon Guardian Golem    Hex/Summ       2%         N/A       100%        3
 Tukima's Dance           Hex            2%         N/A       100%        3
 Fulminant Prism          Conj/Hex       1%         3d6       100%        4
 Iskenderun's Mystic Bla  Conj/Tloc      2%         2d3       100%        4
 Blade Hands              Tmut           1%         N/A       100%        5
 Starburst                Conj/Fire      1%         6d3       100%        6
 Orb of Destruction       Conj           1%         9d5       100%        7
 Spellforged Servitor     Conj/Summ      1%         N/A       100%        7


Dungeon Overview and Level Annotations

Branches:
Dungeon (3/15)

Altars:

Annotations:
D:3 3 runed translucent doors, moldycheese5's ghost, amateur DsAK


Innate Abilities, Weirdness & Mutations

You have very sharp teeth.
Your uncanny sense of smell can sniff out nearby items.
Your experience applies equally to all skills.
You are clumsy. (Dex -2)
Your body sometimes deteriorates upon taking damage.
You are dopey. (Int -2)
You are occasionally teleported next to monsters.


Message History

The orc priest is heavily wounded.
The orc priest hits you but does no damage.
You barely miss the orc priest.
The orc priest is heavily wounded.
You hit the orc priest. Your bite misses the orc priest.
The orc priest is severely wounded.
The orc priest hits you with a +0 hand axe.
Your body deteriorates!
You feel dopey.
You barely miss the orc priest.
The orc priest is severely wounded.
The orc priest begins to cast a cantrip, but forgets the words!
You hit the orc priest.
The orc priest is almost dead.
The orc priest mumbles some strange prayers to Beogh against you.
Beogh smites you!
* * * LOW HITPOINT WARNING * * *
You hear a shout!
You hit the orc priest.
You kill the orc priest!
The hound bites you.
* * * LOW HITPOINT WARNING * * *
Your piece from Xom's chessboard (1/15) has regained one charge.
It was a potion of attraction.
You feel attractive to monsters.
Xom is highly amused!
The hound bites you but does no damage.
You hit the hound. You bite the hound.
The hound is moderately wounded.
The hound bites you but does no damage.
You hit the hound.
The hound is severely wounded.
The hound bites you.
* * * LOW HITPOINT WARNING * * *
You hit the hound but do no damage.
The hound is severely wounded.
The hound barely misses you. The hound bites you but does no damage.
You hit the hound.
The hound is almost dead.
The hound bites you.
You die...

########## o.J###### #.........
o.o.....# #.......## #h#####
#.......# #@....#######.###
#.....##......####
+.....##.........#
(.#.#####.....##......##.#
.............###......##.#
.............'............
#######.###.........###......#..#
#.......# #############......#..#
#.......# #.....#.##......#...


You could see a hound.

Vanquished Creatures
  A necrophage (D:3)
  An orc priest (D:3)
  An orc wizard (D:3)
  An adder (D:2)
  2 worms (D:2)
  A dart slug (D:2)
  5 orcs (D:3)
  4 endoplasms
  3 giant cockroaches
  5 goblins
  7 hobgoblins
  2 quokkas (D:1)
  7 ball pythons
  6 bats
  4 frilled lizards
  4 kobolds
  7 rats
61 creatures vanquished.

Vanquished Creatures (collateral kills)
  A goblin (D:1)
1 creature vanquished.

Grand Total: 62 creatures vanquished

Notes
Turn   | Place    | Note
-------+----------+-------------------------------------------
     0 | D:1      | dolemite99 the Gnoll Chaos Knight began the quest for the
                  | Orb.
     0 | D:1      | Reached XP level 1. HP: 23/23 MP: 1/1
   122 | D:1      | Reached XP level 2. HP: 29/29 MP: 2/2
   222 | D:1      | XOM: silly message
   279 | D:1      | XOM: summons 2 friendly demons
   577 | D:2      | Reached XP level 3. HP: 34/35 MP: 3/3
   644 | D:2      | Reached skill level 1 in Invocations
   847 | D:2      | Reached skill level 1 in Short Blades
   847 | D:2      | Reached skill level 1 in Long Blades
   847 | D:2      | Reached skill level 1 in Axes
   847 | D:2      | Reached skill level 1 in Maces & Flails
   847 | D:2      | Reached skill level 1 in Staves
   847 | D:2      | Reached skill level 1 in Slings
   847 | D:2      | Reached skill level 1 in Bows
   847 | D:2      | Reached skill level 1 in Crossbows
   847 | D:2      | Reached skill level 1 in Throwing
   847 | D:2      | Reached skill level 1 in Stealth
   847 | D:2      | Reached skill level 1 in Shields
   847 | D:2      | Reached skill level 1 in Unarmed Combat
   847 | D:2      | Reached skill level 1 in Spellcasting
   847 | D:2      | Reached skill level 1 in Evocations
   994 | D:2      | XOM: give mutations
   994 | D:2      | Gained mutation: You are weak. (Str -2) [Xom's mischief]
   994 | D:2      | Gained mutation: Your body sometimes deteriorates upon
                  | taking damage. [Xom's mischief]
   994 | D:2      | Gained mutation: You are dopey. (Int -2) [Xom's mischief]
   994 | D:2      | Gained mutation: You are clumsy. (Dex -2) [Xom's mischief]
   997 | D:2      | Reached XP level 4. HP: 41/41 MP: 5/5
  1002 | D:2      | Learned a level 3 spell: Tukima's Dance
  1044 | D:2      | XOM: give mutations
  1044 | D:2      | Lost mutation: You are weak. (Str -2) [Xom's mischief]
  1044 | D:2      | Gained mutation: You are occasionally teleported next to
                  | monsters. [Xom's mischief]
  1134 | D:3      | Noticed a necrophage
  1153 | D:3      | Killed a necrophage
  1154 | D:3      | Reached skill level 1 in Conjurations
  1154 | D:3      | Reached skill level 1 in Hexes
  1154 | D:3      | Reached skill level 1 in Summonings
  1154 | D:3      | Reached skill level 1 in Necromancy
  1154 | D:3      | Reached skill level 1 in Translocations
  1154 | D:3      | Reached skill level 1 in Transmutations
  1154 | D:3      | Reached skill level 1 in Fire Magic
  1154 | D:3      | Reached skill level 1 in Ice Magic
  1154 | D:3      | Reached skill level 1 in Air Magic
  1154 | D:3      | Reached skill level 1 in Earth Magic
  1154 | D:3      | Reached skill level 1 in Poison Magic
  1154 | D:3      | Reached XP level 5. HP: 45/47 MP: 6/6
  1242 | D:3      | Found a runed translucent gate.
  1357 | D:3      | Found a runed translucent gate.
  1357 | D:3      | Noticed moldycheese5's ghost (amateur DsAK)
  1358 | D:3      | Found a runed translucent gate.
  1394 | D:3      | XOM: summons 2 hostile shadow creatures
  1648 | D:3      | XOM: polymorph rat -> hound
  1660 | D:3      | Slain by a hound

Illustrated notes

Levels and vault maps discovered:
D:1:      dpeg_arrival_windows_large_door, layout_basic
D:2:      layout_rooms
D:3:      layout_basic, gammafunk_ghost_split

Skill      XL: |  1  2  3  4  5 |
---------------+----------------+-----
Invocations    | 1 |  1.8
Short Blades   | 1 |  1.6
Long Blades    | 1 |  1.6
Axes           | 1 |  1.6
Maces & Flails | 1 |  1.6
Staves         | 1 |  1.6
Slings         | 1 |  1.6
Bows           | 1 |  1.6
Crossbows      | 1 |  1.6
Throwing       | 1 |  1.6
Stealth        | 1 |  1.6
Shields        | 1 |  1.6
Unarmed Combat | 1 |  1.6
Spellcasting   | 1 |  1.6
Evocations     | 1 |  1.6
Conjurations   | 1 |  1.3
Hexes          | 1 |  1.3
Summonings     | 1 |  1.3
Necromancy     | 1 |  1.3
Translocations | 1 |  1.3
Transmutations | 1 |  1.3
Fire Magic     | 1 |  1.3
Ice Magic      | 1 |  1.3
Air Magic      | 1 |  1.3
Earth Magic    | 1 |  1.3
Poison Magic   | 1 |  1.3
Dodging        | 3 |  3.0
Fighting       | |  6.7
Polearms       | |  6.7
Armour         | |  4.8

Action                   |  1- 3 |  4- 6 || total
-------------------------+-------+-------++-------
Melee: Spear             |    98 |    89 ||   187
       Bite              |     7 |     5 ||    12
       Punch             |     1 |       ||     1
Evoke: Piece from Xom's  |    17 |     4 ||    21
  Use: Scroll            |     1 |     4 ||     5
       Potion            |       |     1 ||     1
 Stab: Petrified         |     3 |       ||     3
       Confused          |       |     1 ||     1
Armor: Ring mail         |    29 |       ||    29
       Chain mail        |     5 |    32 ||    37
Dodge: Dodged            |    48 |    21 ||    69

Table legend: (Time is in decaauts)
 A = Elapsed time spent in this place.
 B = Non-inter-level travel time spent in this place.
 C = Inter-level travel time spent in this place.
 D = Time resting spent in this place.
 E = Time spent auto-exploring this place.
 F = Levels seen in this place.
 G = Mean time per level.
                   A        B        C        D        E       F      G
               +--------+--------+--------+--------+--------+-----+--------+
         Total |   1617 |   1582 |     35 |     60 |    998 |   3 |  539.0 |
       Dungeon |   1617 |   1582 |     35 |     60 |    998 |   3 |  539.0 |
               +--------+--------+--------+--------+--------+-----+--------+

Top non-repeatable levels by time:
     D:3: 565 daAuts
     D:1: 557 daAuts
     D:2: 495 daAuts
